 Dungeon Crawl Stone Soup version 0.29.0-4-gdea44cf6ec (webtiles) character file.

Game seed: 1336328577776317152

22 qw the Chopper (level 3, 0/29 HPs)
             Began as a Formicid Cinder Acolyte on Sept 3, 2022.
             Was a High Priest of Ignis.
             Succumbed to a goblin's poison
             ... on level 2 of the Dungeon.
             The game lasted 00:00:36 (997 turns).

qw the Chopper (Formicid Cinder Acolyte)             Turns: 997, Time: 00:00:36

Health: 0/29       AC:  6    Str: 20    XL:     3   Next: 7%
Magic:  4/4        EV:  9    Int: 13    God:    Ignis [*****.]
Gold:   49         SH:  0    Dex:  9    Spells: 4/4 levels left

rFire   + . .      SeeInvis +   Y - -1 hand axe (venom)
rCold   . . .      Faith    .   (no shield)
rNeg    . . .      Spirit   .   e - +0 scale mail
rPois   .          Reflect  .   (helmet unavailable)
rElec   .          Harm     .   (no cloak)
rCorr   .          Rampage  .   (no gloves)
Will    .....                   (no boots)
Stlth   ..........              (no amulet)
HPRegen 0.09/turn               (no ring)
MPRegen 0.09/turn               (no ring)

@: lethally poisoned (0 -> -5)
A: permanent stasis, dig shafts and tunnels, antennae 3, four strong arms
a: Dig, Shaft Self, Renounce Religion, Fiery Armour, Foxfire Swarm, Rising Flame


You were on level 2 of the Dungeon.
You worshipped Ignis.
Ignis was extremely pleased with you.
You visited 1 branch of the dungeon, and saw 2 of its levels.

You collected 49 gold pieces.


Innate Abilities, Weirdness & Mutations

You cannot be hasted, slowed, berserked, paralysed or teleported.
You can dig through walls and to a lower floor.
You have a pair of large antennae on your head. (SInv)
Your four strong arms can wield two-handed weapons with a shield.


   Skills:
 - Level 3.2 Fighting
 + Level 3.8 Axes
 - Level 1.0 Armour
 - Level 1.1 Spellcasting
 - Level 3.0 Fire Magic


You had 4 spell levels left.
You didn't know any spells.
Your spell library contained the following spells:

 Spells                   Type           Power      Damage    Failure   Level
 Scorch                   Fire           16%        2d5       36%         2

Inventory:

Hand Weapons
 a - a +0 whip
 Y - a -1 hand axe of venom (weapon)
Armour
 e - a +0 scale mail (worn)
Jewellery
 d - a ring of positive energy
Potions
 b - 2 potions of brilliance {unknown}
 c - a potion of curing {unknown}
 g - a potion of haste {unknown}
 h - a potion of heal wounds
 j - a potion of lignification {unknown}

Dungeon Overview and Level Annotations

Branches:
Dungeon (2/15)

Altars:

Shops:
D:1 ?


Message History

You kill the goblin!
The goblin throws a poisoned dart.
The poisoned dart hits you.
You are poisoned.
978 ||| FLEEEEING.
You feel sick.
You feel sick.
980 ||| FLEEEEING.
You feel sick.
You feel sick.
982 ||| FLEEEEING.
You feel sick.
You are no longer poisoned.
983 ||| FLEEEEING.
984 ||| FLEEEEING.
986 ||| FLEEEEING.
987 ||| FLEEEEING.
The goblin throws a poisoned dart.
The poisoned dart hits you!
You are poisoned.
988 ||| FLEEEEING.
You feel very sick.
989 ||| FLEEEEING.
You feel sick.
The goblin throws a poisoned dart.
The poisoned dart barely misses you.
990 ||| FLEEEEING.
You feel sick.
The goblin throws a poisoned dart.
The poisoned dart barely misses you.
991 ||| FLEEEEING.
You feel sick.
The goblin throws a poisoned dart.
The poisoned dart hits you!
You are lethally poisoned!
992 ||| FLEEEEING.
You feel very sick.
993 ||| FLEEEEING.
You feel very sick.
994 ||| FLEEEEING.
You feel sick.
995 ||| FLEEEEING.
You feel sick.
996 ||| FLEEEEING.
You feel sick.
You die...

..g.g...##.)...#................#
#?###...##.....#.#.####.........#
....##....##.#....##'#'######
....##...g.#.#..#.##.#.#
.....##....{#.#..#.##.#.#
#....##.....#.####.##.#.#
##..###.....#.# #.##.#.# #
#.....#.# #.##.#.# # #.....#@#
#....#.# # .#####.#.#########.#
## ....................# #.
#.#####...########### #. #...# #)
#...# #. #...# #. ..### #. ...# {
#.


There were no monsters in sight!

Vanquished Creatures
  3 ball pythons
  4 endoplasms
  2 hobgoblins
  A quokka (D:1)
  A bat (D:1)
  3 frilled lizards
  4 goblins
  2 kobolds
  A rat (D:1)
21 creatures vanquished.

Notes
Turn   | Place    | Note
-------+----------+-------------------------------------------
     0 | D:1      | qw the Formicid Cinder Acolyte began the quest for the Orb.
     0 | D:1      | Reached XP level 1. HP: 18/18 MP: 2/2
     0 | D:1      | 0 ||| qw: Version: 0.1-a-102-g441f92d
     0 | D:1      | 0 ||| qw: Game counter: 5267
     0 | D:1      | 0 ||| qw: Always use a shield: true
     0 | D:1      | 0 ||| qw: God list: Okawaru
     0 | D:1      | 0 ||| qw: Allow faded altars: false
     0 | D:1      | 0 ||| qw: Do Orc after D:15 true
     0 | D:1      | 0 ||| qw: Do second Lair branch before Depths: true
     0 | D:1      | 0 ||| qw: Lair rune preference: random
     0 | D:1      | 0 ||| qw: Plans: Normal
     0 | D:1      | 0 ||| PLANNING D:1-11
   266 | D:1      | Found Raddooke's Magic Scroll Shoppe.
   275 | D:1      | Reached XP level 2. HP: 20/24 MP: 3/3
   318 | D:1      | 318 ||| SHOPLISTING scroll of identify (20 gold, have 15).
   633 | D:1      | 633 ||| UPGRADING to +0 scale mail.
   643 | D:1      | 643 ||| DROPPING +0 robe.
   644 | D:1      | 644 ||| READING scroll labelled KIGGOUKOOGH.
   645 | D:1      | 645 ||| READING scroll labelled PUTEDW VAIR.
   646 | D:1      | 646 ||| READING scroll labelled SALEQOTWOCH.
   668 | D:1      | 668 ||| DRINKING 2 blue potions.
   896 | D:2      | Reached skill level 1 in Armour
   948 | D:2      | Reached XP level 3. HP: 27/29 MP: 4/4
   968 | D:2      | 968 ||| Stepping ~*~*~tactically~*~*~ (hiding).
   978 | D:2      | 978 ||| FLEEEEING.
   980 | D:2      | 980 ||| FLEEEEING.
   982 | D:2      | 982 ||| FLEEEEING.
   983 | D:2      | 983 ||| FLEEEEING.
   984 | D:2      | 984 ||| FLEEEEING.
   986 | D:2      | 986 ||| FLEEEEING.
   987 | D:2      | 987 ||| FLEEEEING.
   988 | D:2      | 988 ||| FLEEEEING.
   989 | D:2      | 989 ||| FLEEEEING.
   990 | D:2      | 990 ||| FLEEEEING.
   991 | D:2      | 991 ||| FLEEEEING.
   992 | D:2      | 992 ||| FLEEEEING.
   993 | D:2      | 993 ||| FLEEEEING.
   993 | D:2      | HP: 6/29 [poisoned by a goblin]
   994 | D:2      | 994 ||| FLEEEEING.
   995 | D:2      | 995 ||| FLEEEEING.
   995 | D:2      | HP: 2/29 [poisoned by a goblin]
   996 | D:2      | 996 ||| FLEEEEING.
   997 | D:2      | Succumbed to a goblin's poison

Levels and vault maps discovered:
D:1:      heliophobic_arrival_henge, layout_rooms, serial_shops,
          nicolae_shop_crystal
D:2:      layout_basic, chequers_serial_rivers_micro_c, minmay_pentomino_v4

Skill      XL: |  1  2 |
---------------+-------+-----
Armour         | 1 |  1.0
Fighting       | |  3.2
Axes           | |  3.8
Spellcasting   | |  1.1
Fire Magic     | |  3.0

Action                   || total
-------------------------++-------
Melee: Hand axe          ||    56
  Use: Scroll            ||     3
       Potion            ||     1
Armor: Robe              ||     3
       Scale mail        ||    12
Dodge: Dodged            ||    29

Table legend:
 A = Non-vault XP
 B = Vault XP
 C = Vault XP percentage of total XP
 D = Non-vault monster count
 E = Vault monster count
 F = Vault count percentage of total count
                 A         B        C        D         E       F
            +---------+---------+-------+---------+---------+-------
      Total |      27 |       5 |  15.6 |      18 |       3 |  14.3
            +---------+---------+-------+---------+---------+-------
        D:1 |      15 |       0 |   0.0 |      10 |       0 |   0.0
        D:2 |      12 |       5 |  29.4 |       8 |       3 |  27.3
            +---------+---------+-------+---------+---------+-------
